 Dungeon Crawl Stone Soup version 0.23.2-1-ga50397a (webtiles) character file.

Game seed: 8475676889940008864

117879 schauveau the Bludgeoner (level 16, -3/109 HPs)
             Began as a Gargoyle Gladiator on May 2, 2019.
             Was the Champion of Okawaru.
             Blown up by an orb spider (36 damage)
             ... with an orb of destruction
             ... on level 1 of the Spider Nest.
             The game lasted 00:53:11 (24195 turns).

schauveau the Bludgeoner (Gargoyle Gladiator)      Turns: 24195, Time: 00:53:11

Health: -3/109     AC: 42    Str: 25    XL:     16   Next: 75%
Magic:  16/16      EV: 12    Int: 11    God:    Okawaru [******]
Gold:   2139       SH:  0    Dex: 14    Spells: 15/15 levels left

rFire    . . .     SeeInvis .   a - +1 great mace (drain)
rCold    + . .     Gourm    .   (shield currently unavailable)
rNeg     + . .     Faith    .   s - +2 plate armour {rF+}
rPois    ∞         Spirit   .   X - +1 helmet
rElec    +         Reflect  .   O - +2 cloak {+Inv}
rCorr    .         Harm     .   q - +0 pair of gloves {Dex+3}
MR       +....                  w - +0 pair of boots
Stlth    ..........             C - amulet of regeneration
HPRegen  0.68/turn              k - +3 ring of evasion
MPRegen  0.15/turn              W - ring of ice

@: no status effects
A: big wings, hooves 1, thin metallic scales 1, negative energy resistance 1,
electricity resistance, strong 1, unbreathing, petrification resistance, rot
immunity, AC +12
a: Fly, Heroism, Finesse, Renounce Religion, Evoke Invisibility


You were on level 1 of the Spider Nest.
You worshipped Okawaru.
Okawaru was exalted by your worship.
You were not hungry.

You visited 5 branches of the dungeon, and saw 24 of its levels.
You visited the Abyss 1 time.
You also visited: Gauntlet.

You collected 2879 gold pieces.
You spent 740 gold pieces at shops.

Inventory:

Hand Weapons
 a - a +1 great mace of draining (weapon)
 I - the +6 shortbow of Ambiguity {flame, +Blink rF+}
   (Okawaru gifted it to you on level 3 of the Lair of Beasts)

   It causes projectiles fired from it to burn those they strike, causing extra
   injury to most foes and up to half again as much damage against particularly
   susceptible opponents.
   It protects you from fire.
   It lets you blink.
 K - a +4 great mace of protection
 P - a +0 great mace of crushing
 Z - a +6 eveningstar of protection
Missiles
 x - 68 arrows
 N - 7 tomahawks of returning (quivered)
 U - 7 javelins of returning
Armour
 q - a +0 pair of gloves of dexterity (worn)
 s - a +2 plate armour of fire resistance (worn)
 w - a +0 pair of boots (worn)
 O - a +2 cloak of invisibility (worn)
 X - a +1 helmet (worn)
Jewellery
 k - a +3 ring of evasion (left hand)
 C - an amulet of regeneration (around neck)
 W - a ring of ice (right hand)
Wands
 o - a wand of acid (20)
 v - a wand of disintegration (29)
 A - a wand of enslavement (5)
 E - a wand of flame (18)
 F - a wand of digging (5)
 M - a wand of polymorph (21)
 Q - a wand of scattershot (5)
Scrolls
 e - 3 scrolls of blinking
 h - 4 scrolls of fog
 l - 3 scrolls of enchant armour
 m - 5 scrolls of teleportation
 r - 6 scrolls of remove curse
 y - 2 scrolls of fear
 D - 5 scrolls of identify
 G - a scroll of silence
 J - 7 scrolls of enchant weapon
 L - 4 scrolls of holy word
 R - 2 scrolls of magic mapping
 V - a scroll of brand weapon
Potions
 b - 2 potions of might
 c - 3 potions of invisibility
 g - 7 potions of heal wounds
 i - 2 potions of cancellation
 u - 4 potions of curing
 H - a potion of resistance
 S - a potion of agility
 T - a potion of berserk rage
Comestibles
 d - 5 chunks of flesh
 f - 31 rations


   Skills:
 + Level 15.7 Fighting
 * Level 19.6 Maces & Flails
 - Level 1.7 Throwing
 + Level 15.4 Armour
 + Level 3.3 Dodging


You had 15 spell levels left.
You didn't know any spells.
Your spell library contained the following spells:

 Spells                   Type           Power        Failure   Level  Hunger
 Animate Skeleton         Necr           N/A          94%         1    ##.....
 Apportation              Tloc           #.....       94%         1    ##.....
 Confusing Touch          Hex            #.....       94%         1    ##.....
 Corona                   Hex            #......      94%         1    ##.....
 Flame Tongue             Conj/Fire      #....        94%         1    ##.....
 Freeze                   Ice            #...         94%         1    ##.....
 Sting                    Conj/Pois      #...         94%         1    ##.....
 Summon Small Mammal      Summ           #...         94%         1    ##.....
 Call Imp                 Summ           #.......     98%         2    ###....
 Poisonous Vapours        Pois/Air       #.....       98%         2    ###....
 Slow                     Hex            #.......     98%         2    ###....
 Throw Frost              Conj/Ice       #.....       98%         2    ###....
 Call Canine Familiar     Summ           #.......     100%        3    ####...
 Confuse                  Hex            #.......     100%        3    ####...
 Dazzling Spray           Conj/Hex       #.....       100%        3    ####...
 Gell's Gravitas          Tloc           #.........   100%        3    ####...
 Inner Flame              Hex/Fire       #.......     100%        3    ####...
 Mephitic Cloud           Conj/Pois/Air  #.......     100%        3    ####...
 Ozocubu's Armour         Chrm/Ice       #.......     100%        3    ####...
 Portal Projectile        Hex/Tloc       #.....       100%        3    ####...
 Recall                   Summ/Tloc      N/A          100%        3    ####...
 Static Discharge         Conj/Air       #.......     100%        3    ####...
 Summon Guardian Golem    Hex/Summ       #.......     100%        3    ####...
 Tukima's Dance           Hex            #.......     100%        3    ####...
 Cause Fear               Hex            #.........   100%        4    #####..
 Leda's Liquefaction      Hex/Erth       #.........   100%        4    #####..
 Olgreb's Toxic Radiance  Pois           #.......     100%        4    #####..
 Petrify                  Tmut/Erth      #.......     100%        4    #####..
 Summon Ice Beast         Ice/Summ       #.......     100%        4    #####..
 Summon Lightning Spire   Summ/Air       #.......     100%        4    #####..
 Throw Icicle             Conj/Ice       #.......     100%        4    #####..
 Aura of Abjuration       Summ           #.........   100%        5    ######.
 Lightning Bolt           Conj/Air       #.........   100%        5    ######.
 Metabolic Englaciation   Hex/Ice        #.........   100%        5    ######.
 Silence                  Hex/Air        #.........   100%        5    ######.
 Summon Demon             Summ           #.........   100%        5    ######.
 Summon Forest            Summ/Tloc      #.........   100%        5    ######.
 Summon Mana Viper        Hex/Summ       #.......     100%        5    ######.
 Venom Bolt               Conj/Pois      #.........   100%        5    ######.
 Yara's Violent Unravell  Hex/Tmut       #.........   100%        5    ######.
 Conjure Ball Lightning   Conj/Air       #.........   100%        6    #######
 Deflect Missiles         Chrm/Air       #.........   100%        6    #######
 Invisibility             Hex            #.......     100%        6    #######
 Shadow Creatures         Summ           N/A          100%        6    #######
 Ignition                 Fire           #.........   100%        8    #######
 Shatter                  Erth           #.........   100%        9    #######
 Tornado                  Air            #.........   100%        9    #######


Dungeon Overview and Level Annotations

Branches:
Dungeon (14/15)            Temple (1/1) D:7            Lair (6/6) D:9
  Swamp (0/4) Lair:3       Spider (1/4) Lair:2        Slime (0/5) Lair:5
    Orc (2/2) D:12            Elf (0/3) Orc:2        Vaults (0/5) D:14

Altars:
Cheibriados
Dithmenos
Elyvilon
Fedhas
Gozag
Hepliaklqana
Makhleb
Nemelex Xobeh
Okawaru
Qazlal
Ru
Trog
Uskayaw
Vehumet
Wu Jian
Xom
Zin
The Shining One
Beogh

Shops:
D:7 :   D:12 [   Orc:2 *}[!

Portals:
Trove: D:14 (give +6 demon trident)

Annotations:
D:6 2 runed translucent doors, Borbor's ghost, novice DrFE
D:9 2 transporters
D:10 2 transporters, cklessthan3's ghost, journeyman GnFi


Innate Abilities, Weirdness & Mutations

You are resistant to torment.
Your stone body is resilient. (AC +12)
You are immune to poison.
Your large and strong wings let you fly indefinitely.
You resist negative energy. (rN+)
You are resistant to electric shocks. (rElec)
You can survive without breathing.
You are immune to petrification.
You are immune to rotting.
You have large cloven feet.
You are partially covered in thin metallic scales. (AC +2)
Your muscles are strong. (Str +2)


Message History

You bludgeon the orb spider!!
You kill the orb spider!
Okawaru accepts your kill.
The orb spider weaves a glowing orb of energy.
An orb of destruction comes into view.
The wavering orb of destruction hits you!!
You are too injured to fight recklessly!
You are too injured to fight recklessly!
You are too injured to fight recklessly!
The orb spider pulsates with a strange energy.
The orb spider weaves a glowing orb of energy.
The wavering orb of destruction weakly hits you!
* * * LOW HITPOINT WARNING * * *
You beat the orb spider like a drum!!!
The orb spider is almost dead.
You bludgeon the orb spider!!
You kill the orb spider!
Okawaru accepts your kill. The orb of destruction hits you!!!
You die...

..............^..##
.............>..####
.^......#..........###
.....................##
........†.............#
.....>..#........#..###
........####.....####
........†..##..#..#
.......☼@...####.##
.......○....## ###
......○......# ##
......°.....##..#
.....°..........#
.....°.........###
................#
..>.°..........##
...#°○........##


There were no monsters in sight!

Vanquished Creatures
  Frances (D:14)
  3 tengu reavers (D:13)
  A storm dragon (D:13)
  Louise (D:14)
  The ghost of mrath the Basher, a journeyman MiFi of Hepliaklqana (D:14)
  A reaper (Gauntlet)
  3 entropy weavers
  Azrael (D:14)
  A minotaur (Gauntlet)
  A dire elephant (Gauntlet)
  2 ogre magi
  5 vault guards (D:14)
  15 hydras
  A centaur warrior (D:12)
  A catoblepas (Lair:6)
  A deep troll shaman (Lair:6)
  15 two-headed ogres
  Erica (Lair:2)
  6 death yaks
  Urug (Lair:2)
  An orc high priest (Orc:2)
  Sonja (Lair:6)
  Nergalle (Lair:1)
  A deep troll (D:13)
  An unseen horror (D:13)
  A wizard (D:14)
  A deep elf archer (D:14)
  An orc knight (D:14)
  A lindwurm (Lair:6)
  A wolf spider zombie (D:14)
  4 wolf spiders
  7 orc sorcerers
  4 ugly things
  4 orb spiders (Spider:1)
  A deep elf mage (D:12)
  A manticore (D:12)
  3 cyclopes
  21 elephants
  2 black mambas
  2 gargoyles
  8 spiny frogs
  A yaktaur (D:14)
  3 demonic crawlers (Spider:1)
  2 ice devils (Lair:2)
  9 komodo dragons
  4 jumping spiders
  2 trolls
  2 hornets
  3 slime creatures
  4 polar bears
  18 blink frogs
  7 dream sheep (Lair:3)
  13 hippogriffs
  A spriggan (shapeshifter) (D:12)
  4 shadows
  13 redbacks
  A wraith (D:14)
  4 tarantellas
  4 wyverns
  5 spriggans
  2 basilisks
  3 hungry ghosts
  52 yaks
  A fire elemental (D:14)
  7 vampire mosquitoes (D:12)
  A warg (D:12)
  A soldier ant (D:11)
  17 water moccasins
  14 porcupines
  7 hell hounds
  16 orc warriors
  4 sky beasts
  5 ice beasts
  An eye of draining (D:14)
  A necrophage (D:8)
  Purgy (D:4)
  6 black bears
  3 phantoms
  12 ogres
  2 centaurs (D:7)
  34 wolves
  19 crocodiles
  18 bullfrogs
  A wyvern zombie (D:12)
  A wyvern skeleton (D:9)
  3 scorpions
  3 wights (D:13)
  8 killer bees
  11 howler monkeys
  6 crimson imps
  2 bullfrog zombies (D:12)
  2 quasits
  5 hounds
  14 orc priests
  5 centaur skeletons
  7 jellies
  18 orc wizards
  6 bullfrog skeletons
  4 iguanas
  12 worker ants
  A hound skeleton (D:10)
  A worker ant zombie (D:6)
  17 adders
  6 shadow imps
  2 oozes
  3 adder skeletons
  A worm (D:4)
  A dart slug (D:2)
  3 leopard geckos
  55 orcs
  11 bats
  5 giant cockroaches
  9 goblins
  7 hobgoblins
  17 jackals
  4 quokkas
  2 frilled lizards
  5 kobolds
  A leopard gecko zombie (D:7)
  2 quokka skeletons
  10 rats
  A fungus (D:9)
  4 withered plants (Gauntlet)
732 creatures vanquished.

Vanquished Creatures (others)
  An unseen horror (D:12)
  A redback (Spider:1)
  20 demonic plants (Gauntlet)
  10 fungi
  9 plants
  2 withered plants (Gauntlet)
43 creatures vanquished.

Grand Total: 775 creatures vanquished

Notes
Turn   | Place    | Note
-------+----------+-------------------------------------------
     0 | D:1      | schauveau the Gargoyle Gladiator began the quest for the
                  | Orb.
     0 | D:1      | Reached XP level 1. HP: 12/12 MP: 1/1
   179 | D:1      | Reached XP level 2. HP: 18/18 MP: 2/2
   685 | D:2      | Reached XP level 3. HP: 19/22 MP: 3/3
   730 | D:2      | Reached skill level 4 in Maces & Flails
  1077 | D:2      | Reached XP level 4. HP: 26/28 MP: 4/4
  1079 | D:2      | Found a faded altar of an unknown god.
  1761 | D:3      | Reached XP level 5. HP: 32/32 MP: 5/5
  1847 | D:3      | Found a white marble altar of Elyvilon.
  1847 | D:3      | Found a radiant altar of Vehumet.
  1872 | D:4      | Reached skill level 5 in Maces & Flails
  1904 | D:3      | Found a glowing silver altar of Zin.
  1917 | D:3      | Reached skill level 1 in Armour
  1921 | D:3      | You fall through a shaft for 3 floors!
  1922 | D:6      | Noticed an ice beast
  1941 | D:5      | Entered Level 5 of the Dungeon
  1945 | D:5      | Gained mutation: Your large and strong wings let you fly
                  | indefinitely. [potion of mutation]
  1945 | D:5      | Gained mutation: You are partially covered in thin metallic
                  | scales. (AC +2) [potion of mutation]
  1945 | D:5      | Gained mutation: Your muscles are strong. (Str +2) [potion
                  | of mutation]
  1945 | D:5      | Gained mutation: You have large cloven feet. [potion of
                  | mutation]
  1955 | D:5      | Reached XP level 6. HP: 34/38 MP: 4/6
  2114 | D:4      | Reached skill level 6 in Maces & Flails
  2427 | D:4      | Reached XP level 7. HP: 40/44 MP: 5/7
  2738 | D:4      | Reached skill level 5 in Fighting
  3023 | D:4      | Noticed Purgy
  3047 | D:4      | Killed Purgy
  3047 | D:4      | Reached skill level 7 in Maces & Flails
  3053 | D:4      | Reached XP level 8. HP: 27/49 MP: 4/8
  4505 | D:6      | Reached skill level 8 in Maces & Flails
  4656 | D:6      | Found a large runed translucent door.
  4657 | D:6      | Found a large runed translucent door.
  4674 | D:6      | Noticed Borbor's ghost (novice DrFE)
  4724 | D:6      | Reached skill level 5 in Armour
  4889 | D:6      | Reached XP level 9. HP: 56/56 MP: 9/9
  4982 | D:6      | Reached skill level 9 in Maces & Flails
  5466 | D:7      | Found Noxkack's Book Boutique.
  5618 | D:7      | Found a staircase to the Ecumenical Temple.
  5650 | D:7      | Reached skill level 10 in Maces & Flails
  5658 | Temple   | Entered the Ecumenical Temple
  6002 | Temple   | Became a worshipper of Warmaster Okawaru
  6541 | D:7      | Found a hide-covered altar of Uskayaw.
  6632 | D:8      | Reached XP level 10. HP: 63/64 MP: 10/10
  7155 | D:8      | Reached * piety under Okawaru
  7209 | D:8      | Found a snail-covered altar of Cheibriados.
  7477 | D:9      | Found a transporter.
  7487 | D:9      | Noticed an ogre mage
  7582 | D:9      | Found a roughly hewn altar of Beogh.
  7582 | D:9      | Found a transporter.
  7641 | D:9      | Found a staircase to the Lair.
  7654 | D:9      | Reached skill level 11 in Maces & Flails
  7719 | D:9      | Reached ** piety under Okawaru
  7882 | D:9      | Found Replun's Antique Weapon Emporium.
  8187 | D:10     | Entered Level 10 of the Dungeon
  8672 | D:10     | Noticed a two-headed ogre
  8687 | D:10     | Killed a two-headed ogre
  8687 | D:10     | Reached *** piety under Okawaru
  8687 | D:10     | Reached skill level 12 in Maces & Flails
  8687 | D:10     | Reached XP level 11. HP: 60/71 MP: 11/11
  8942 | D:10     | Found a transporter.
  8942 | D:10     | Noticed cklessthan3's ghost (journeyman GnFi)
  8946 | D:10     | Found a transporter.
  8948 | D:10     | Noticed a two-headed ogre
  9056 | D:11     | Noticed a two-headed ogre
  9067 | D:11     | Killed a two-headed ogre
  9067 | D:11     | Reached **** piety under Okawaru
  9109 | D:11     | Noticed a two-headed ogre
  9124 | D:11     | Killed a two-headed ogre
  9681 | D:11     | Reached skill level 10 in Fighting
  9997 | Lair:1   | Entered Level 1 of the Lair of Beasts
 10266 | Lair:1   | Noticed a seven-headed hydra
 10309 | Lair:1   | Noticed a four-headed hydra
 10317 | Lair:1   | Killed a four-headed hydra
 10317 | Lair:1   | Received a gift from Okawaru
 10317 | Lair:1   | Reached skill level 13 in Maces & Flails
 10360 | Lair:1   | Reached ***** piety under Okawaru
 10488 | Lair:1   | Noticed a six-headed hydra
 10503 | Lair:1   | Killed a six-headed hydra
 10503 | Lair:1   | Reached skill level 10 in Armour
 10602 | Lair:1   | Reached XP level 12. HP: 48/79 MP: 12/12
 10699 | Lair:1   | Killed a seven-headed hydra
 10965 | Lair:2   | Noticed Nergalle
 10991 | Lair:1   | Killed Nergalle
 11186 | Lair:2   | Noticed Urug
 11187 | Lair:2   | Reached skill level 14 in Maces & Flails
 11212 | Lair:2   | Killed Urug
 11276 | Lair:2   | Reached ****** piety under Okawaru
 11288 | Lair:2   | Received a gift from Okawaru
 11396 | Lair:2   | Noticed Erica
 11404 | Lair:2   | Killed Erica
 11767 | Lair:2   | Found a hole to the Spider Nest.
 12371 | Lair:2   | Reached XP level 13. HP: 47/85 MP: 13/13
 12482 | Lair:3   | Received a gift from Okawaru
 12482 | Lair:3   | Reached skill level 15 in Maces & Flails
 12488 | Lair:3   | Got an ebony shortbow {god gift}
 12505 | Lair:3   | Identified the +6 shortbow of Ambiguity {flame, +Blink rF+}
                  | (Okawaru gifted it to you on level 3 of the Lair of Beasts)
 13105 | Lair:3   | Found a staircase to the Swamp.
 13190 | Lair:3   | Received a gift from Okawaru
 14675 | Lair:4   | Reached skill level 16 in Maces & Flails
 14742 | Lair:5   | Received a gift from Okawaru
 14815 | Lair:5   | Mutation became permanent: Your large and strong wings let
                  | you fly indefinitely. [Gargoyle growth]
 14815 | Lair:5   | Gained mutation: Your large and strong wings let you fly
                  | indefinitely. [Gargoyle growth]
 14815 | Lair:5   | Reached XP level 14. HP: 34/94 MP: 14/14
 14887 | Lair:5   | Found a staircase to the Slime Pits.
 15347 | Lair:6   | Entered Level 6 of the Lair of Beasts
 15432 | Lair:6   | Received a gift from Okawaru
 15568 | Lair:6   | Identified Sif Muna's Almanac of Hexes
 15571 | Lair:6   | Noticed Sonja
 15722 | Lair:6   | Reached skill level 17 in Maces & Flails
 15735 | Lair:6   | Received a gift from Okawaru
 15972 | Lair:6   | Received a gift from Okawaru
 15977 | Lair:6   | Got an ancient chain mail {god gift}
 16001 | Lair:6   | Identified the +3 chain mail "Waam Nusk" {Str+4} (Okawaru
                  | gifted it to you on level 6 of the Lair of Beasts)
 17400 | D:12     | Found a staircase to the Orcish Mines.
 17414 | D:12     | Found Mashrabb's Antique Armour Boutique.
 17431 | D:12     | Bought a pair of glowing gloves for 180 gold pieces
 17576 | D:12     | Reached XP level 15. HP: 87/100 MP: 15/15
 17718 | D:12     | Found a burning altar of Makhleb.
 18185 | Orc:1    | Entered Level 1 of the Orcish Mines
 18247 | Orc:1    | Paralysed by an ogre mage for 4 turns
 18395 | Orc:1    | Reached skill level 18 in Maces & Flails
 18596 | Orc:2    | Entered Level 2 of the Orcish Mines
 18722 | Orc:2    | Received a gift from Okawaru
 19083 | Orc:2    | Found a staircase to the Elven Halls.
 19311 | Orc:2    | Found Jigeg's Gadget Shoppe.
 19311 | Orc:2    | Found Ekaur's Assorted Antiques.
 19312 | Orc:2    | Found Caut's Antique Armour Emporium.
 19315 | Orc:2    | Found Zilycraiwa's Distillery.
 19319 | Orc:2    | Bought a potion of heal wounds for 80 gold pieces
 19319 | Orc:2    | Bought a potion of heal wounds for 80 gold pieces
 19322 | Orc:2    | Bought a scroll labeled ULYIWOOGEU for 27 gold pieces
 19322 | Orc:2    | Bought an onyx ring for 135 gold pieces
 19322 | Orc:2    | Bought a potion of curing for 81 gold pieces
 19324 | Orc:2    | Bought a runed helmet for 157 gold pieces
 20281 | D:13     | Noticed a tengu reaver
 20292 | D:13     | Killed a tengu reaver
 20306 | D:13     | Noticed a storm dragon
 20308 | D:13     | Noticed a tengu reaver
 20331 | D:13     | Killed a tengu reaver
 20336 | D:13     | Killed a storm dragon
 20338 | D:13     | Received a gift from Okawaru
 20416 | D:13     | Noticed a tengu reaver
 20423 | D:13     | Killed a tengu reaver
 20597 | D:14     | Noticed Azrael
 20670 | D:14     | Noticed Louise
 20682 | D:14     | Cast into level 2 of the Abyss (Louise)
 20707 | D:14     | Escaped the Abyss
 20718 | D:14     | Killed Louise
 20757 | D:14     | Reached skill level 15 in Fighting
 20803 | D:14     | Found a burning altar of Makhleb.
 20836 | D:14     | Found a gate leading to a gauntlet.
 20845 | Gauntlet | Entered a Gauntlet
 20845 | Gauntlet | Found a transporter.
 20845 | Gauntlet | Found a transporter.
 20953 | Gauntlet | Found a transporter.
 20960 | Gauntlet | Found a transporter.
 20982 | Gauntlet | Found a transporter.
 20997 | Gauntlet | Found a transporter.
 21020 | Gauntlet | Found a transporter.
 21100 | Gauntlet | Found a transporter.
 21115 | Gauntlet | Found a transporter.
 21134 | Gauntlet | Found a transporter.
 21199 | Gauntlet | Found a transporter.
 21219 | Gauntlet | Found a transporter.
 21224 | Gauntlet | Found a transporter.
 21250 | Gauntlet | Found a transporter.
 21350 | Gauntlet | Received a gift from Okawaru
 21434 | Gauntlet | Found a transporter.
 21455 | Gauntlet | Reached XP level 16. HP: 79/108 MP: 16/16
 21573 | Gauntlet | Identified Pogan's Almanac of Captivating Ignition
 21654 | D:14     | Found a portal to a secret trove of treasure.
 21824 | D:14     | Reached skill level 19 in Maces & Flails
 21870 | D:14     | Killed Azrael
 21927 | D:14     | Paralysed by an orc sorcerer for 3 turns
 21948 | D:14     | Paralysed by an orc sorcerer for 3 turns
 21963 | D:14     | Paralysed by an orc sorcerer for 5 turns
 22335 | D:14     | Reached skill level 15 in Armour
 22506 | D:14     | Found a gate to the Vaults.
 22596 | D:14     | Noticed Frances
 22603 | D:14     | Killed Frances
 22746 | D:14     | Found a runed translucent door.
 22747 | D:14     | Noticed mrath's ghost (journeyman MiFi)
 23033 | D:14     | Killed mrath's ghost
 23033 | D:14     | Received a gift from Okawaru
 23534 | Lair:6   | Killed Sonja
 23741 | Spider:1 | Entered Level 1 of the Spider Nest
 24195 | Spider:1 | Blown up by an orb spider

Skill      XL: |  1  2  3  4  5  6  7  8  9 10 11 12 13 14 15 16 |
---------------+-------------------------------------------------+-----
Maces & Flails | 4 5 6 7 8 10 12 13 14 16 17 18 19 | 19.6
Fighting       | 3 4 5 6 7 9 10 11 13 14 15 | 15.7
Armour         | 1 2 3 5 6 8 10 11 12 13 14 15 | 15.4
Dodging        | 3 |  3.3
Throwing       | |  1.7

Action                   |  1- 3 |  4- 6 |  7- 9 | 10-12 | 13-15 | 16-18 || total
-------------------------+-------+-------+-------+-------+-------+-------++-------
Melee: Flail             |   156 |   163 |   457 |   320 |       |       ||  1096
       Kick              |       |    13 |   134 |   233 |   274 |       ||   654
       Dire flail        |       |       |       |   272 |       |       ||   272
       Great mace        |       |       |       |   140 |  1372 |   358 ||  1870
Throw: Tomahawk          |       |       |       |       |       |     3 ||     3
Evoke: Wand              |       |       |       |       |       |     3 ||     3
  Use: Potion            |       |     2 |       |       |       |       ||     2
       Scroll            |       |       |    12 |     9 |    10 |     5 ||    36
 Stab: Petrified         |       |       |       |       |     2 |       ||     2
       Petrifying        |       |       |       |       |     1 |       ||     1
  Eat: Chunk             |     1 |     4 |     9 |    18 |    17 |     5 ||    54
       Ration            |       |       |     2 |     2 |     4 |     2 ||    10
Armor: Leather armour    |    80 |    26 |       |       |       |       ||   106
       Plate armour      |       |   104 |   287 |   595 |  1327 |   415 ||  2728
Dodge: Dodged            |   157 |    74 |   197 |   494 |  1016 |   248 ||  2186
